 Dungeon Crawl Stone Soup version 0.23.2-1-ga50397a (webtiles) character file.

Game seed: 12271511845229249256

56672 GuyDeFluk the Bewitcher (level 14, -15/70 HPs)
             Began as a Spriggan Enchanter on Apr 29, 2019.
             Was the Champion of Dithmenos.
             Killed from afar by Jorgrun (48 damage)
             ... with a blast of rock fragments
             ... on level 1 of the Orcish Mines on May 2, 2019.
             The game lasted 06:53:59 (33169 turns).

GuyDeFluk the Bewitcher (Spriggan Enchanter)       Turns: 33169, Time: 06:54:00

Health: -15/70     AC:  5    Str:  6    XL:     14   Next: 42%
Magic:  32/40      EV: 33    Int: 18    God:    Dithmenos [******]
Gold:   1894       SH:  0    Dex: 24    Spells: 25/37 levels left

rFire    + + .     SeeInvis +   z - +7 dagger (speed)
rCold    + . .     Gourm    .   (shield restricted)
rNeg     . . .     Faith    .   A - +2 robe {rC+ rF+}
rPois    .         Spirit   .   U - +1 hat
rElec    .         Reflect  .   D - scarf {repulsion}
rCorr    .         Harm     .   (gloves unavailable)
MR       ++++.                  (boots unavailable)
Stlth    ++++++++++             X - amulet of magic regeneration
HPRegen  0.21/turn              N - ring of magical power
MPRegen  0.52/turn              l - ring "Weelon" {rF+ MR++ Dex+6 Stlth+}

@: wreathed by umbra, repel missiles, very quick
A: very small, unfitting armour, see invisible, herbivore, speed 3, slow
metabolism 2
a: Shadow Step, Shadow Form, Renounce Religion


You were on level 1 of the Orcish Mines.
You worshipped Dithmenos.
Dithmenos was exalted by your worship.
You were not hungry.

You visited 4 branches of the dungeon, and saw 19 of its levels.

You collected 1999 gold pieces.
You spent 105 gold pieces at shops.

Inventory:

Hand Weapons
 z - a +7 dagger of speed (weapon)
 B - a +7 short sword of distortion
Missiles
 g - 43 poisoned needles
Armour
 s - the +0 robe "Gelosh" {rC+ MP+9 Int-4 Stlth+}
   (You found it on level 8 of the Dungeon)

   It affects your intelligence (-4).
   It protects you from cold.
   It affects your magic capacity (+9).
   It makes you more stealthy.
 A - a +2 robe of resistance (worn)
 C - +0 swamp dragon scales
 D - a scarf of repulsion (worn)
 E - a +2 cloak
 U - a +1 hat (worn)
 W - a +2 robe of magic resistance
Jewellery
 l - the ring "Weelon" (right hand) {rF+ MR++ Dex+6 Stlth+}
   (You found it on level 5 of the Lair of Beasts)

   [ring of stealth]

   It affects your dexterity (+6).
   It protects you from fire.
   It affects your resistance to hostile enchantments.
   It makes you more stealthy.
 o - an uncursed ring of wizardry
 N - a ring of magical power (left hand)
 P - an uncursed ring of protection from cold
 Q - a +4 ring of slaying
 R - an uncursed ring of protection from magic
 X - an amulet of magic regeneration (around neck)
 Y - an uncursed ring of protection from fire
Wands
 b - a wand of acid (9)
 c - a wand of iceblast (14)
 F - a wand of digging (12)
 I - a wand of enslavement (14)
 L - a wand of paralysis (8)
 M - a wand of polymorph (11)
 S - a wand of flame (22)
Scrolls
 k - a scroll of identify
 m - a scroll of fear
 q - 8 scrolls of remove curse
 r - a scroll of enchant armour
 H - a scroll of acquirement
 J - 3 scrolls of teleportation
 K - 2 scrolls of brand weapon
 V - a scroll of holy word
 Z - a scroll of amnesia
Potions
 e - 2 potions of magic
 h - a potion of heal wounds
 i - 3 potions of haste
 j - 2 potions of invisibility
 n - 3 potions of brilliance
 t - 6 potions of curing
 u - 3 potions of lignification
 v - a potion of cancellation
 x - a potion of resistance
 G - 2 potions of mutation
 O - 2 potions of might
Comestibles
 d - 16 rations


   Skills:
 * Level 6.7 Fighting
 - Level 10.7 Short Blades
 - Level 14.2 Dodging
 - Level 15.4 Stealth
 - Level 12.0 Spellcasting
 - Level 16.1 Hexes
 - Level 2.1 Ice Magic


You had 25 spell levels left.
You knew the following spells:

 Your Spells              Type           Power        Failure   Level  Hunger
a - Corona                Hex            ######.      0%          1    None
b - Ensorcelled Hibernat  Hex/Ice        #####.       1%          2    None
c - Confuse               Hex            ######..     1%          3    None
d - Apportation           Tloc           ##....       6%          1    None
e - Dispel Undead         Necr           ##......     87%         5    ####...

Your spell library contained the following spells:

 Spells                   Type           Power        Failure   Level  Hunger
 Confusing Touch          Hex            ######       0%          1    None
 Dazzling Spray           Conj/Hex       #####.       1%          3    None
 Tukima's Dance           Hex            ######..     1%          3    None
 Animate Skeleton         Necr           N/A          6%          1    None
 Pain                     Necr           ##..         6%          1    None
 Shock                    Conj/Air       ##..         6%          1    None
 Summon Small Mammal      Summ           ##..         6%          1    None
 Corpse Rot               Necr           N/A          10%         2    None
 Sublimation of Blood     Necr           ##........   10%         2    None
 Swiftness                Chrm/Air       ##......     10%         2    None
 Regeneration             Chrm/Necr      ##........   19%         3    None
 Static Discharge         Conj/Air       ##......     19%         3    None
 Vampiric Draining        Necr           ##........   19%         3    None
 Airstrike                Air            ##........   54%         4    ##.....
 Animate Dead             Necr           N/A          54%         4    ##.....
 Agony                    Necr           ##......     87%         5    ####...
 Bolt of Draining         Conj/Necr      ##........   87%         5    ####...
 Bolt of Magma            Conj/Fire/Erth ##........   87%         5    ####...
 Excruciating Wounds      Chrm/Necr      ##........   87%         5    ####...
 Iskenderun's Battlesphe  Conj/Chrm      ##......     87%         5    ####...
 Lightning Bolt           Conj/Air       ##........   87%         5    ####...
 Venom Bolt               Conj/Pois      ##........   87%         5    ####...
 Iron Shot                Conj/Erth      ##........   100%        6    ######.
 Orb of Destruction       Conj           ##........   100%        7    #######
 Spellforged Servitor     Conj/Summ      ##........   100%        7    #######


Dungeon Overview and Level Annotations

Branches:
Dungeon (11/15)            Temple (1/1) D:6            Lair (6/6) D:11
  Swamp (0/4) Lair:3       Spider (0/4) Lair:4        Slime (0/5) Lair:6
    Orc (1/2) D:9

Altars:
Ashenzari
Cheibriados
Dithmenos
Elyvilon
Fedhas
Gozag
Hepliaklqana
Kikubaaqudgha
Makhleb
Nemelex Xobeh
Okawaru
Qazlal
Ru
Sif Muna
Trog
Uskayaw
Vehumet
Wu Jian
Xom
Yredelemnul
Zin
The Shining One
Beogh
Jiyva

Shops:
D:4 *   D:7 (

Annotations:
D:6 Ecumenical
Temple
D:7 weapons shop
D:10 2 transporters, exclusion: 2 oklob saplings, Karim's ghost, journeyman NaFi
Lair:3 1 runed translucent door, exclusion: ice statue, Gastronok; Sadonosm's ghost, journeyman DgSk
Lair:4 exclusion: 2 oklob plants
Orc:1 Jorgrun


Innate Abilities, Weirdness & Mutations

You are very small and have problems with some larger weapons.
You are too small for most types of armour.
You have supernaturally acute eyesight. (SInv)
You are a herbivore.
You cover ground extremely quickly.
You need to consume almost no food.


Message History

You strike the helpless orc knight from behind!
You skewer the orc knight like a kebab!!!
You kill the orc knight!
Dithmenos accepts your kill.
Casting: Confuse (safe; 1% risk of failure)
Confirm with . or Enter, or press ? or * to list all spells.
Aiming: Confuse (safe; 1% risk of failure)
Press: ? - help, Shift-Dir - straight line, f - orc
Aim: an orc, wielding a +0 dagger (umbra, chance to defeat MR: 88%)
The orc appears confused.
Jorgrun points at you and mumbles some strange words.
The wall shatters!
The blast of rock fragments hits you!!!
Ouch! That really hurt!
You emit a cloud of dark smoke.
The orc completely misses you.
Things that are here:
a +0 great sword; a +0 plate armour; 16 gold pieces The wall shatters!
The blast of rock fragments hits you!!!
Ouch! That really hurt!
You die...

......## .....#.##
........# . .......## ###
.. .....### ##.## o..
.#....# ##...# .._.
####.#########.#.####
..... .#
###..##..#..§§##.#......
## #........#.§@§ooo....#
## ##......##.§§##.#....#
.#
##.........§§§#......##
####.........#....#.#..##
.##.#....#.......####...#
.........##....##.### .##
....#.....#.........####
.).......#g..........#
...)................#


You could see an orc warrior and 2 orcs.

Vanquished Creatures
  Kirke (Lair:5)
  2 fire dragons
  Josephine (Lair:6)
  An ice dragon (Lair:5)
  Harold (Lair:1)
  3 hydras
  4 two-headed ogres
  A skeletal warrior (D:11)
  An unseen horror (D:11)
  A swamp dragon (Lair:6)
  An orc knight (Orc:1)
  A wolf spider (Lair:6)
  An orc sorcerer (Orc:1)
  An ugly thing (D:11)
  3 manticores (D:8)
  10 black mambas
  A guardian serpent (Lair:6)
  10 spiny frogs
  5 rime drakes
  6 komodo dragons
  2 freezing wraiths
  A merfolk (D:8)
  A queen bee (D:11)
  5 trolls
  4 hornets
  3 polar bears (Lair:2)
  2 bog bodies (Lair:3)
  26 blink frogs
  7 dream sheep (Lair:4)
  6 hippogriffs
  24 yaks
  4 redbacks
  5 wraiths
  19 wyverns
  A hungry ghost (D:9)
  5 hogs
  A steam dragon (Lair:6)
  6 basilisks
  2 acid dragons (Lair:6)
  22 water moccasins
  Duvessa (D:7)
  9 orc warriors
  4 porcupines
  9 ice beasts
  A swamp drake (Lair:6)
  3 sky beasts
  11 black bears
  A phantom (D:9)
  6 ogres
  An eye of draining (D:10)
  11 centaurs
  11 crocodiles
  3 big kobolds
  18 bullfrogs
  Dowan (D:7)
  4 scorpions
  A wyvern skeleton (D:9)
  28 killer bees
  4 electric eels (D:8)
  7 wights
  7 howler monkeys
  2 bullfrog zombies
  A centaur zombie (D:11)
  4 crimson imps
  3 gnoll shamans
  3 hounds
  4 orc priests
  2 bullfrog skeletons
  A centaur skeleton (D:7)
  3 jellies
  3 iguanas
  8 worker ants
  13 orc wizards
  A killer bee zombie (D:9)
  A hound skeleton (D:11)
  A gnoll (D:8)
  20 adders
  4 shadow imps
  6 white imps
  3 oozes
  3 adder skeletons
  4 worms
  2 dart slugs
  5 leopard geckos
  56 orcs
  9 giant cockroaches
  9 goblins
  8 hobgoblins
  13 jackals
  5 quokkas
  10 ball pythons
  7 bats
  7 frilled lizards
  A jackal skeleton (D:8)
  20 kobolds
  7 rats
  A butterfly (D:6)
  4 plants
596 creatures vanquished.

Vanquished Creatures (others)
  A killer bee (D:11)
  An orc (D:9)
  6 fungi
  7 plants
15 creatures vanquished.

Grand Total: 611 creatures vanquished

Notes
Turn   | Place    | Note
-------+----------+-------------------------------------------
     0 | D:1      | GuyDeFluk the Spriggan Enchanter began the quest for the
                  | Orb.
     0 | D:1      | Reached XP level 1. HP: 9/9 MP: 5/5
   173 | D:1      | Reached skill level 5 in Stealth
   173 | D:1      | Reached XP level 2. HP: 8/13 MP: 6/6
   957 | D:1      | Reached XP level 3. HP: 7/16 MP: 8/8
  2244 | D:2      | Learned a level 2 spell: Ensorcelled Hibernation
  2248 | D:2      | Learned a level 3 spell: Confuse
  3318 | D:2      | Noticed a phantom
  3409 | D:2      | Reached XP level 4. HP: 20/21 MP: 5/9
  4981 | D:3      | Reached XP level 5. HP: 15/24 MP: 8/10
  6260 | D:3      | Noticed an orc warrior
  7459 | D:4      | Noticed an ogre
  7596 | D:4      | Found Iruar's General Store.
  7608 | D:4      | Bought a scroll of enchant weapon for 75 gold pieces
  9710 | D:5      | Entered Level 5 of the Dungeon
 10278 | D:5      | Reached XP level 6. HP: 17/28 MP: 11/11
 10756 | D:5      | Noticed an ice beast
 11389 | D:5      | Reached skill level 5 in Short Blades
 12365 | D:3      | Reached skill level 4 in Hexes
 12863 | D:4      | Bought a scroll of remove curse for 30 gold pieces
 12956 | D:6      | Reached XP level 7. HP: 32/32 MP: 12/14
 12962 | D:6      | Found a staircase to the Ecumenical Temple.
 12971 | Temple   | Entered the Ecumenical Temple
 13502 | D:6      | Reached skill level 5 in Hexes
 14325 | D:6      | Reached skill level 5 in Spellcasting
 14932 | D:6      | Reached skill level 6 in Hexes
 15409 | D:6      | Reached XP level 8. HP: 32/36 MP: 10/18
 15619 | D:6      | Reached skill level 7 in Hexes
 16409 | D:7      | Reached skill level 8 in Hexes
 16491 | D:7      | Noticed Duvessa
 16492 | D:7      | Noticed Dowan
 16501 | D:7      | Killed Duvessa
 16514 | D:7      | Killed Dowan
 16592 | D:7      | Found Pongo's Antique Weapon Shoppe.
 16606 | D:7      | Found a shadowy altar of Dithmenos.
 16618 | D:7      | Reached skill level 1 in Fighting
 16664 | D:7      | Became a worshipper of Dithmenos the Shadowed
 16935 | D:8      | Noticed a manticore
 16937 | D:8      | Reached XP level 9. HP: 43/43 MP: 22/22
 16947 | D:8      | Killed a manticore
 16947 | D:8      | Reached skill level 5 in Dodging
 18172 | D:8      | Reached * piety under Dithmenos
 18500 | D:8      | Reached skill level 5 in Fighting
 18524 | D:8      | Noticed a manticore
 18526 | D:8      | Killed a manticore
 18526 | D:8      | Reached skill level 10 in Dodging
 18534 | D:8      | Reached XP level 10. HP: 51/51 MP: 19/23
 18958 | D:8      | Got a thick robe
 18973 | D:8      | Identified the cursed +0 robe "Gelosh" {rC+ MP+9 Int-4
                  | Stlth+} (You found it on level 8 of the Dungeon)
 19223 | D:8      | Reached ** piety under Dithmenos
 19304 | D:8      | Noticed a two-headed ogre
 19381 | D:8      | Reached skill level 10 in Stealth
 19406 | D:8      | Killed a two-headed ogre
 19624 | D:8      | Found a hazy altar of Hepliaklqana.
 19782 | D:8      | Noticed a two-headed ogre
 19783 | D:8      | Noticed a two-headed ogre
 19794 | D:8      | Killed a two-headed ogre
 20024 | D:8      | Learned a level 1 spell: Apportation
 20089 | D:8      | Killed a two-headed ogre
 20089 | D:8      | Reached XP level 11. HP: 55/55 MP: 16/24
 20246 | D:8      | Reached skill level 10 in Short Blades
 21151 | D:9      | Reached *** piety under Dithmenos
 21272 | D:9      | Noticed a two-headed ogre
 21290 | D:9      | Killed a two-headed ogre
 22160 | D:9      | Found a staircase to the Orcish Mines.
 22281 | D:10     | Entered Level 10 of the Dungeon
 22304 | D:10     | Reached skill level 9 in Hexes
 22572 | D:10     | Reached **** piety under Dithmenos
 22578 | D:10     | Identified the +4 robe "Qymeeg" {SInv}
 22981 | D:10     | Found a blossoming altar of Fedhas.
 23045 | D:10     | Found a transporter.
 23046 | D:10     | Noticed Karim's ghost (journeyman NaFi)
 23047 | D:10     | Identified the +9 great mace "Ciweix" {venom, rElec MR+}
 23047 | D:10     | Noticed a two-headed ogre
 23053 | D:10     | Found a transporter.
 23425 | D:11     | Noticed a skeletal warrior
 23427 | D:11     | Killed a skeletal warrior
 23428 | D:11     | Noticed a death knight
 23429 | D:11     | Noticed a cyan ugly thing
 23523 | D:11     | Reached skill level 10 in Spellcasting
 23523 | D:11     | Reached skill level 10 in Hexes
 24332 | D:11     | Reached ***** piety under Dithmenos
 24342 | D:11     | Noticed an unseen horror
 24346 | D:11     | Killed an unseen horror
 24346 | D:11     | Reached XP level 12. HP: 47/62 MP: 6/27
 24393 | D:11     | Found a staircase to the Lair.
 24827 | D:11     | Found a sacrificial altar of Ru.
 25042 | Lair:1   | Entered Level 1 of the Lair of Beasts
 25391 | Lair:1   | Noticed Harold
 25393 | Lair:1   | Killed Harold
 25994 | Lair:1   | Identified a scroll of acquirement
 26458 | Lair:1   | Reached skill level 15 in Stealth
 26659 | Lair:2   | Found a gate leading to a gauntlet.
 26726 | Lair:2   | Learned a level 5 spell: Dispel Undead
 27027 | Lair:3   | Noticed a five-headed hydra
 27111 | Lair:3   | Noticed a seven-headed hydra
 27470 | Lair:3   | Reached skill level 1 in Ice Magic
 27470 | Lair:3   | Reached XP level 13. HP: 57/65 MP: 1/28
 27920 | Lair:3   | Found a staircase to the Swamp.
 28064 | Lair:3   | Found a runed translucent door.
 28065 | Lair:3   | Noticed Sadonosm's ghost (journeyman DgSk)
 28143 | Lair:3   | Noticed Gastronok
 28439 | Lair:4   | Found a hole to the Spider Nest.
 28705 | Lair:4   | Found an ornate altar of the Wu Jian Council.
 28825 | Lair:4   | Reached skill level 11 in Hexes
 28905 | Lair:5   | Noticed a fire dragon
 28945 | Lair:5   | Killed a fire dragon
 28967 | Lair:5   | Got a heavily runed bronze ring
 29014 | Lair:5   | Identified the ring "Weelon" {rF+ MR++ Dex+6 Stlth+} (You
                  | found it on level 5 of the Lair of Beasts)
 29073 | Lair:5   | Noticed Kirke
 29138 | Lair:5   | Killed Kirke
 29138 | Lair:5   | Reached skill level 12 in Hexes
 29221 | Lair:5   | Reached ****** piety under Dithmenos
 29620 | Lair:5   | Reached skill level 13 in Hexes
 30275 | Lair:6   | Entered Level 6 of the Lair of Beasts
 30290 | Lair:6   | Reached skill level 14 in Hexes
 30415 | Lair:6   | Noticed Josephine
 30426 | Lair:6   | Killed Josephine
 30489 | Lair:6   | Got a brightly glowing bronze amulet
 30547 | Lair:6   | Reached skill level 15 in Hexes
 30553 | Lair:6   | Reached XP level 14. HP: 70/70 MP: 21/29
 31072 | Lair:6   | Identified the amulet "Faha" {Harm *Drain rC++ MR+} (You
                  | found it on level 6 of the Lair of Beasts)
 31296 | Lair:6   | Found a viscous altar of Jiyva.
 31296 | Lair:6   | Found a staircase to the Slime Pits.
 32167 | Lair:6   | Reached skill level 16 in Hexes
 32528 | Orc:1    | Entered Level 1 of the Orcish Mines
 32649 | Orc:1    | Found a bloodstained altar of Trog.
 32847 | Orc:1    | Noticed Jorgrun
 33145 | Orc:1    | Found a roughly hewn altar of Beogh.
 33169 | Orc:1    | Killed from afar by Jorgrun

Skill      XL: |  1  2  3  4  5  6  7  8  9 10 11 12 13 14 |
---------------+-------------------------------------------+-----
Stealth        | 5 6 7 8 11 12 15 | 15.4
Short Blades   | 2 3 4 5 9 10 | 10.7
Spellcasting   | 4 6 8 10 12 | 12.0
Hexes          | 4 6 8 10 15 16 | 16.1
Fighting       | 2 5 6 |  6.7
Dodging        | 4 10 14 | 14.2
Ice Magic      | 1 2 |  2.1

Action                   |  1- 3 |  4- 6 |  7- 9 | 10-12 | 13-15 || total
-------------------------+-------+-------+-------+-------+-------++-------
Melee: Dagger            |   232 |   586 |   230 |   532 |   320 ||  1900
 Cast: Ensorcelled Hiber |     1 |    22 |    91 |   152 |   105 ||   371
       Corona            |       |    21 |     1 |       |       ||    22
       Confuse           |       |     3 |    22 |   116 |    99 ||   240
Evoke: Wand              |       |     3 |       |     1 |     1 ||     5
       Lightning rod     |       |       |       |       |     1 ||     1
  Use: Scroll            |     7 |     4 |     3 |    21 |     7 ||    42
       Potion            |       |     1 |     1 |     5 |     7 ||    14
 Stab: Sleeping          |    11 |    23 |    60 |   141 |    97 ||   332
       Distracted        |     1 |       |     3 |    11 |       ||    15
       Confused          |       |     1 |     7 |    62 |    66 ||   136
       Invisible         |       |       |       |     2 |       ||     2
  Eat: Ration            |     1 |     5 |     3 |     5 |     2 ||    16
Armor: Robe              |    21 |    26 |     8 |     6 |     3 ||    64
Dodge: Dodged            |   153 |   366 |   146 |   319 |   188 ||  1172
       Deflected         |       |       |       |     5 |     1 ||     6
